 Dungeon Crawl Stone Soup version 0.31-a0-175-g9f7f995f2b (webtiles) character file.

Game seed: 18251830808048300403

364 qw the Shooter (level 6, -1/58 HPs)
             Began as a Naga Hunter on June 17, 2023.
             Slain by an iguana (13 damage)
             ... on level 4 of the Dungeon.
             The game lasted 00:01:07 (2402 turns).

qw the Shooter (Naga Hunter)                        Turns: 2402, Time: 00:01:08

Health: -1/58      AC:  4    Str: 10 (13) XL:     6   Next: 67%
Magic:  6/6        EV:  9    Int:  8 (10) God:
Gold:   133        SH:  0    Dex: 13 (16) Spells: 5/5 levels left

rFire   . . .        Y - +0 longbow
rCold   . . .        (shield currently unavailable)
rNeg    . . .        c - +0 leather armour
rPois   +            i - +0 helmet
rElec   .            (no cloak)
rCorr   .            (no gloves)
SInv    +            (no barding)
Will    .....        (no amulet)
Stlth   ++           (no ring)
HPRegen 0.29/turn    (no ring)
MPRegen 0.10/turn

%: no passive effects
@: lethally poisoned (-1 -> -7), about to teleport, very slow
A: AC +2, large, see invisible, deformed body, poison resistance, slowness 2,
spit poison 1, naga tail 1
a: Spit Poison


You were on level 4 of the Dungeon.
You visited 1 branch of the dungeon, and saw 4 of its levels.

You collected 133 gold pieces.


Innate Abilities, Weirdness & Mutations

Your serpentine skin is tough. (AC +2)
You have supernaturally acute eyesight. (SInv)
Armour fits poorly on your strangely shaped body.
Your system is resistant to poisons. (rPois)
You cover ground very slowly.
You can spit poison.
You have a snake-like lower body.


   Skills:
 - Level 4.6 Fighting
 + Level 5.8 Ranged Weapons
 - Level 1.5 Dodging
 - Level 1.5 Stealth


You had 5 spell levels left.
You didn't know any spells.
Your spell library was empty.

Inventory:

Hand Weapons
 Y - a +0 longbow (weapon)
Armour
 c - a +0 leather armour (worn)
 i - a +0 helmet (worn)
Scrolls
 f - a scroll of teleportation
 g - a scroll of identify
Potions
 d - 3 potions of curing
 h - a potion of heal wounds {unknown}

Dungeon Overview and Level Annotations

Branches:
Dungeon (4/15)
 Temple: D:4-7

Altars:
Kikubaaqudgha
Zin


Message History

The adder bites you but does no damage.
You shoot an arrow. The arrow hits the adder.
The adder is heavily wounded.
You have got your breath back.
The adder misses you. The adder bites you but does no damage.
2396 ||| INVOKING Spit Poison.
Aiming: Spit Poison (1% risk of failure)
Press: ? - help, Shift-Dir - straight line, f/p - adder The splash of poison hits the adder!
The adder is poisoned.
You kill the adder!
You shoot an arrow.
The arrow hits the iguana but does no damage.
The scorpion closely misses you. The iguana bites you. The scorpion stings you.
You are poisoned.
The scorpion poisons you! The iguana barely misses you.
You shoot an arrow.
The arrow hits the iguana but does no damage.
You feel very sick. The scorpion stings you. The iguana closely misses you.
The scorpion stings you but does no damage.
You shoot an arrow. The arrow hits the iguana!
The iguana is heavily wounded.
You feel very sick. The iguana bites you! The scorpion closely misses you.
The iguana barely misses you. The kobold closely misses you.
You shoot an arrow. The arrow barely misses the iguana.
You feel sick.
The scorpion stings you. x2; The iguana barely misses you.
The kobold barely misses you.
You shoot an arrow. The arrow closely misses the iguana.
You have got your breath back.
You feel sick. The scorpion stings you.
You are more poisoned.
The scorpion poisons you! The kobold barely misses you. The iguana bites you.
The scorpion stings you. The kobold hits you but does no damage.
The iguana bites you.
2402 ||| READING 2 scrolls of teleportation.
As you read the scroll of teleportation, it crumbles to dust.
You feel strangely unstable.
You feel sick. The scorpion completely misses you. The iguana bites you!
You die...

.##.##...##....<..#
.##...##...######..#####
##.....##...###.........
#.......##...##.#...?##.
#..._...###..!..#.......
#.......##...##.#.##..>.
##.....##..)##..#.##..#.
.##...##..(###.##.##..#.
..##.##@..## #.##.....#.
...#.#slK## #.###....#.
#.......## #.# #.#####
##....$## #.. .. ##...#
##### ##+##### #...^.##
#..# ######### ##.#
#........


You could see a scorpion, an iguana and a kobold.

Vanquished Creatures
  Sigmund (D:2)
  A scorpion (D:4)
  Robin (D:2)
  5 adders
  A worm (D:2)
  2 dart slugs (D:3)
  An orc (D:3)
  4 endoplasms
  3 giant cockroaches
  11 goblins
  12 hobgoblins
  2 jackals (D:2)
  10 kobolds
  4 quokkas
  9 ball pythons
  8 bats
  5 frilled lizards
  12 rats
92 creatures vanquished.

Notes
Turn   | Place    | Note
-------+----------+-------------------------------------------
     0 | D:1      | qw the Naga Hunter began the quest for the Orb.
     0 | D:1      | Reached XP level 1. HP: 19/19 MP: 1/1
     0 | D:1      | 0 ||| qw: Version: 0.3-a-2-g5ab2908
     0 | D:1      | 0 ||| qw: Game counter: 233
     0 | D:1      | 0 ||| qw: Always use a shield: true
     0 | D:1      | 0 ||| qw: God list: Okawaru
     0 | D:1      | 0 ||| qw: Allow faded altars: false
     0 | D:1      | 0 ||| qw: Do Orc after D:15 true
     0 | D:1      | 0 ||| qw: Do second Lair branch before Depths: true
     0 | D:1      | 0 ||| qw: Lair rune preference: random
     0 | D:1      | 0 ||| qw: Plans: Normal
     0 | D:1      | 0 ||| PLANNING D:1-11
     6 | D:1      | 6 ||| INVOKING Spit Poison.
    10 | D:1      | 10 ||| INVOKING Spit Poison.
    19 | D:1      | 19 ||| INVOKING Spit Poison.
    20 | D:1      | 20 ||| INVOKING Spit Poison.
    21 | D:1      | Reached skill level 4 in Ranged Weapons
    21 | D:1      | Reached XP level 2. HP: 25/26 MP: 2/2
    35 | D:1      | Found a faded altar of an unknown god.
    37 | D:1      | 37 ||| INVOKING Spit Poison.
   101 | D:1      | 101 ||| INVOKING Spit Poison.
   104 | D:1      | 104 ||| INVOKING Spit Poison.
   122 | D:1      | 122 ||| INVOKING Spit Poison.
   216 | D:1      | 216 ||| INVOKING Spit Poison.
   226 | D:1      | 226 ||| INVOKING Spit Poison.
   260 | D:1      | 260 ||| INVOKING Spit Poison.
   267 | D:1      | 267 ||| INVOKING Spit Poison.
   272 | D:1      | 272 ||| INVOKING Spit Poison.
   311 | D:1      | 311 ||| INVOKING Spit Poison.
   384 | D:1      | 384 ||| INVOKING Spit Poison.
   477 | D:1      | 477 ||| INVOKING Spit Poison.
   483 | D:1      | 483 ||| INVOKING Spit Poison.
   488 | D:1      | 488 ||| INVOKING Spit Poison.
   493 | D:1      | Reached XP level 3. HP: 31/32 MP: 3/3
   498 | D:1      | 498 ||| INVOKING Spit Poison.
   508 | D:1      | 508 ||| INVOKING Spit Poison.
   537 | D:1      | 537 ||| INVOKING Spit Poison.
   630 | D:1      | 630 ||| READING scroll labelled KIALOY GOFEARCH.
   631 | D:1      | 631 ||| READING scroll labelled UNECUOHESE.
   634 | D:1      | 634 ||| READING scroll labelled JINKAGG GUFF.
   635 | D:1      | 635 ||| DRINKING 2 pink potions.
   636 | D:1      | 636 ||| DROPPING scroll of butterflies.
   649 | D:2      | 649 ||| INVOKING Spit Poison.
   657 | D:2      | 657 ||| INVOKING Spit Poison.
   666 | D:2      | 666 ||| INVOKING Spit Poison.
   673 | D:2      | 673 ||| INVOKING Spit Poison.
   716 | D:2      | 716 ||| INVOKING Spit Poison.
   725 | D:2      | 725 ||| INVOKING Spit Poison.
   732 | D:2      | 732 ||| INVOKING Spit Poison.
   774 | D:2      | 774 ||| INVOKING Spit Poison.
   777 | D:2      | 777 ||| FLEEEEING.
   778 | D:2      | 778 ||| FLEEEEING.
   779 | D:2      | 779 ||| FLEEEEING.
   780 | D:2      | 780 ||| FLEEEEING.
   781 | D:2      | 781 ||| INVOKING Spit Poison.
   785 | D:2      | 785 ||| INVOKING Spit Poison.
   787 | D:2      | HP: 3/32 [worm (11)]
   789 | D:2      | Reached skill level 5 in Ranged Weapons
  1013 | D:2      | Reached XP level 4. HP: 39/39 MP: 4/4
  1028 | D:2      | 1028 ||| INVOKING Spit Poison.
  1035 | D:2      | 1035 ||| INVOKING Spit Poison.
  1038 | D:2      | 1038 ||| INVOKING Spit Poison.
  1045 | D:2      | Noticed Sigmund
  1047 | D:2      | 1047 ||| INVOKING Spit Poison.
  1050 | D:2      | 1050 ||| INVOKING Spit Poison.
  1052 | D:2      | Killed Sigmund
  1053 | D:2      | Reached XP level 5. HP: 38/51 MP: 5/5
  1126 | D:2      | 1126 ||| INVOKING Spit Poison.
  1246 | D:2      | 1246 ||| INVOKING Spit Poison.
  1249 | D:2      | Reached XP level 6. HP: 58/58 MP: 6/6
  1249 | D:2      | 1249 ||| INVOKING Spit Poison.
  1249 | D:2      | Noticed Robin
  1254 | D:2      | 1254 ||| INVOKING Spit Poison.
  1260 | D:2      | 1260 ||| INVOKING Spit Poison.
  1264 | D:2      | 1264 ||| INVOKING Spit Poison.
  1269 | D:2      | Killed Robin
  1270 | D:2      | 1270 ||| INVOKING Spit Poison.
  1392 | D:2      | 1392 ||| INVOKING Spit Poison.
  1455 | D:2      | 1455 ||| UPGRADING to +0 helmet.
  1460 | D:2      | 1460 ||| READING scroll labelled FILACU INUTOBI.
  1461 | D:2      | 1461 ||| READING scroll labelled ORYTASS TASS.
  1462 | D:2      | 1462 ||| READING scroll labelled NEGEMA LOXIUSK.
  1483 | D:3      | 1483 ||| INVOKING Spit Poison.
  1513 | D:3      | 1513 ||| SWAPPING to +0 longbow.
  1514 | D:3      | 1514 ||| DROPPING +0 shortbow.
  1533 | D:3      | 1533 ||| INVOKING Spit Poison.
  1547 | D:3      | 1547 ||| INVOKING Spit Poison.
  1551 | D:3      | 1551 ||| INVOKING Spit Poison.
  1554 | D:3      | 1554 ||| INVOKING Spit Poison.
  1564 | D:3      | 1564 ||| INVOKING Spit Poison.
  1645 | D:3      | 1645 ||| INVOKING Spit Poison.
  1696 | D:3      | 1696 ||| INVOKING Spit Poison.
  1752 | D:3      | 1752 ||| INVOKING Spit Poison.
  1772 | D:3      | 1772 ||| INVOKING Spit Poison.
  1776 | D:3      | 1776 ||| INVOKING Spit Poison.
  1788 | D:3      | 1788 ||| INVOKING Spit Poison.
  1795 | D:3      | 1795 ||| INVOKING Spit Poison.
  1842 | D:3      | Found a glowing silver altar of Zin.
  1856 | D:3      | 1856 ||| INVOKING Spit Poison.
  1857 | D:3      | 1857 ||| INVOKING Spit Poison.
  1891 | D:3      | 1891 ||| DROPPING +4 hand crossbow of flaming.
  1985 | D:3      | 1985 ||| INVOKING Spit Poison.
  2133 | D:3      | 2133 ||| READING scroll labelled RAUNUI GUATTUR.
  2134 | D:3      | 2134 ||| READING scroll labelled EHOLUD KINER.
  2225 | D:4      | 2225 ||| INVOKING Spit Poison.
  2342 | D:4      | 2342 ||| DRINKING 2 inky potions.
  2344 | D:4      | 2344 ||| INVOKING Spit Poison.
  2384 | D:4      | 2384 ||| DROPPING potion of degeneration.
  2386 | D:4      | Found an ancient bone altar of Kikubaaqudgha.
  2393 | D:4      | 2393 ||| INVOKING Spit Poison.
  2396 | D:4      | 2396 ||| INVOKING Spit Poison.
  2401 | D:4      | HP: 14/58 [iguana (6)]
  2402 | D:4      | 2402 ||| READING 2 scrolls of teleportation.
  2402 | D:4      | Slain by an iguana

Levels and vault maps discovered:
D:1:      dpeg_arrival_ratfight, layout_loops_ring,
          ebering_ecumenical_altar_sacrificial, minmay_vboxes
D:2:      layout_rooms, minmay_misc_feat_hallway, dk_noncrumbling_3,
          minmay_misc_feat_doors, minmay_joined_circles, uniq_robin,
          uniq_sigmund
D:3:      layout_loops_ring, mainiacjoe_overflow_24_doors
D:4:      layout_basic, kennysheep_mini_moat, kennysheep_diamond,
          minmay_a_box_with_orc_wizards_in_it, uniq_eustachio,
          uniq_crazy_yiuf_cottage, uniq_duvessa

Skill      XL: |  1  2  3  4 |
---------------+-------------+-----
Ranged Weapons | 4 5 |  5.8
Fighting       | 4 |  4.6
Dodging        | |  1.5
Stealth        | |  1.5

Action                     |  1- 3 |  4- 6 || total
---------------------------+-------+-------++-------
   Fire: Shortbow          |    80 |    39 ||   119
         Longbow           |       |    31 ||    31
Ability: Spit Poison       |    30 |    32 ||    62
    Use: Scroll            |     3 |     6 ||     9
         Potion            |     1 |     1 ||     2
 Armour: Leather armour    |     7 |    17 ||    24
  Dodge: Dodged            |    11 |    34 ||    45

Table legend:
 A = Non-vault XP
 B = Vault XP
 C = Vault XP percentage of total XP
 D = Non-vault monster count
 E = Vault monster count
 F = Vault count percentage of total count
                 A         B        C        D         E       F
            +---------+---------+-------+---------+---------+-------
      Total |     209 |     311 |  59.8 |      58 |      34 |  37.0
            +---------+---------+-------+---------+---------+-------
        D:1 |      31 |      14 |  31.1 |      21 |      11 |  34.4
        D:2 |      41 |     270 |  86.8 |      19 |      21 |  52.5
        D:3 |      53 |       0 |   0.0 |      14 |       0 |   0.0
        D:4 |      84 |      27 |  24.3 |       4 |       2 |  33.3
            +---------+---------+-------+---------+---------+-------
